 Dungeon Crawl Stone Soup version 0.20-a0-269-g17f5411 (webtiles) character file.

276 Faca the Shield-Bearer (level 6, -2/48 HPs)
             Began as a Formicid Fighter on Dec 8, 2016.
             Slain by Grinder (4 damage)
             ... on level 3 of the Dungeon.
             The game lasted 00:08:48 (1982 turns).

Faca the Shield-Bearer (Formicid Fighter)           Turns: 1982, Time: 00:08:49

Health: -2/48      AC: 12    Str: 21    XL:     6   Next: 50%
Magic:  6/6        EV:  5    Int:  7    God:
Gold:   86         SH: 10    Dex: 17    Spells: 5/5 levels left

rFire  . . .     SeeInvis +     a - +1 war axe
rCold  . . .     Gourm    .     i - +1 plate armour
rNeg   . . .     Faith    .     c - +0 shield
rPois  .         Spirit   .     (helmet unavailable)
rElec  .         Reflect  .     (no cloak)
rCorr  .         Harm     .     (no gloves)
MR     .....                    (no boots)
Stlth  ..........               (no amulet)
                                (no ring)
                                b - +5 ring of dexterity

@: no status effects
A: permanent stasis, dig shafts and tunnels, four strong arms, antennae 3
a: Dig, Shaft Self


You were on level 3 of the Dungeon.
You were not hungry.

You visited 1 branch of the dungeon, and saw 3 of its levels.

You collected 86 gold pieces.

Inventory:

Hand Weapons
 a - a +1 war axe (weapon)
Armour
 c - a +0 shield (worn)
 i - a +1 plate armour (worn)
Jewellery
 b - a +5 ring of dexterity (left hand)
Wands
 k - a wand of polymorph (9/24)
 m - a wand of iceblast (3/15)
Scrolls
 e - 3 scrolls of remove curse
 l - a scroll of identify
Potions
 d - a potion of might
 g - a potion of heal wounds
 j - a potion of curing
Comestibles
 f - 3 bread rations
 h - a slice of pizza


   Skills:
 + Level 4.2 Fighting
 + Level 4.2 Axes
 + Level 4.3 Armour
 + Level 0.1 Dodging
 + Level 5.1 Shields


You had 5 spell levels left.
You didn't know any spells.

Dungeon Overview and Level Annotations

Branches:
Dungeon (3/15)

Altars:

Annotations:
D:3 Grinder


Innate Abilities, Weirdness & Mutations

You cannot be hasted, slowed, berserked, paralysed or teleported.
You can dig through walls and to a lower floor.
Your four strong arms can wield two-handed weapons with a shield.
You have a pair of large antennae on your head. (SInv)


Message History

You slash Grinder!
Grinder is heavily wounded.
Grinder hits you but does no damage.
You hit Grinder.
Grinder is severely wounded.
Grinder says, "You look like you could use a good racking."
Grinder gestures at you. Pain shoots through your body!
* * * LOW HITPOINT WARNING * * *
You completely miss Grinder.
Grinder is severely wounded.
Grinder gestures at you. Pain shoots through your body!
* * * LOW HITPOINT WARNING * * *
You barely miss Grinder.
Grinder is severely wounded.
Grinder hits you.
* * * LOW HITPOINT WARNING * * *
You writhe in agony.
You die...

###.#####...#≈
#.....##.##.#≈
...######.###.....))#≈
..........###.....#)##
..#####.........#.#.#.
........###+###.#.....
#.#.##..# #.#:...#
#.###.# #.##...<
#.5@..+ #.###.#.
#.##..# ##.....#. ..
#..# #.#####. ## #..#
#.# #. ##.. ..# #.
#### ### #. #. #. #.


You could see Grinder.

Vanquished Creatures
  The ghost of Jarlath the Slasher, an amateur HESk (D:3)
  An orc wizard (D:3)
  6 adders (D:2)
  An ooze (D:3)
  3 worms
  2 dart slugs
  A leopard gecko (D:2)
  3 orcs (D:3)
  10 bats
  4 giant cockroaches
  6 goblins
  9 hobgoblins
  5 kobolds
  A quokka (D:3)
  A ball python (D:2)
  2 frilled lizards
  5 rats
61 creatures vanquished.

Notes
Turn   | Place    | Note
-------+----------+-------------------------------------------
     0 | D:1      | Faca the Formicid Fighter began the quest for the Orb.
     0 | D:1      | Reached XP level 1. HP: 18/18 MP: 1/1
   197 | D:1      | Reached XP level 2. HP: 24/24 MP: 2/2
   551 | D:1      | Reached XP level 3. HP: 24/30 MP: 3/3
   708 | D:2      | Reached skill level 4 in Shields
   827 | D:2      | Reached XP level 4. HP: 37/37 MP: 4/4
  1269 | D:2      | Reached XP level 5. HP: 42/42 MP: 5/5
  1607 | D:3      | Noticed Jarlath's ghost (amateur HESk)
  1620 | D:3      | Killed Jarlath's ghost
  1620 | D:3      | Reached skill level 5 in Shields
  1620 | D:3      | Reached XP level 6. HP: 29/48 MP: 6/6
  1965 | D:3      | Noticed Grinder
  1982 | D:3      | HP: 2/48 [Grinder (5)]
  1982 | D:3      | Slain by Grinder

Vault maps used:
D:1:      wheals_arrival_linesprint
D:3:      lemuel_doored_altar, kennysheep_generic_room_8, uniq_grinder

Skill      XL: |  1  2  3  4  5 |
---------------+----------------+-----
Shields        | 4 5 |  5.1
Fighting       | 4 |  4.2
Axes           | 3 4 |  4.2
Armour         | 4 |  4.3
Dodging        | |  0.1

Action                   |  1- 3 |  4- 6 || total
-------------------------+-------+-------++-------
Melee: War axe           |   109 |   131 ||   240
  Use: Scroll            |     5 |     5 ||    10
  Eat: Bread ration      |       |     1 ||     1
Armor: Scale mail        |    32 |       ||    32
       Plate armour      |    39 |    59 ||    98
Dodge: Dodged            |    31 |    26 ||    57
Block: Shield            |    79 |    80 ||   159
